 Dungeon Crawl Stone Soup version 0.17-a0-2122-g03d97ec (webtiles) character file.

5997 4thArraOfDagon the Covert (level 10, -5/141 HPs)
             Began as a Naga Monk on Oct 21, 2015.
             Was a Priest of Cheibriados (penitent).
             Slain by a sixfirhy (9 damage)
             ... summoned by a kobold demonologist
             ... on level 12 of the Dungeon.
             The game lasted 00:20:44 (3604 turns).

4thArraOfDagon the Covert (Naga Monk)               Turns: 3604, Time: 00:20:44

Health: -5/141     AC:  7    Str: 18    XL:     10   Next: 85%
Magic:  1/14       EV: 13    Int: 14    God:    Cheibriados [*]
Gold:   340        SH:  0    Dex: 19    Spells: 0 memorised, 9 levels left

rFire  + . .     SeeInvis +       - Unarmed
rCold  . . .     Clarity  .     y - +1 leather armour of Luang {rF+ rN++ MR- rCorr}
rNeg   + + +     SustAt   .     (no shield)
rPois  +         Gourm    .     d - +1 helmet
rElec  .         Spirit   .     (no cloak)
rCorr  +         Warding  .     (no gloves)
rMut   .         Stasis   .     (no barding)
MR     .....                    (no amulet)
Stlth  ..........               j - +5 ring of dexterity
                                B - ring of positive energy

@: berserking, very slow, not resistant to hostile enchantments, extremely
unstealthy
A: see invisible, deformed body, poison resistance, slowness 2, slow metabolism
1, spit poison 2, AC +3
a: Spit Poison, Renounce Religion


You were on level 12 of the Dungeon.
You worshipped Cheibriados.
Cheibriados was demanding penance.
You were hungry.

You visited 2 branches of the dungeon, and saw 14 of its levels.

You collected 340 gold pieces.

Inventory:

Hand Weapons
 m - a cursed -1 spear
 E - a +4 blowgun
 F - a +0 short sword of distortion
Missiles
 i - a throwing net (quivered)
 w - 14 curare-tipped needles
Armour
 d - a +1 helmet (worn)
 p - a +0 shield
 y - the +1 leather armour of Luang (worn) {rF+ rN++ MR- rCorr}
   (You found it on level 10 of the Dungeon)

   It protects you from fire.
   It greatly protects you from negative energy.
   It affects your resistance to hostile enchantments.
   It protects you from acid and corrosion.
 J - a +2 ring mail of fire resistance
Jewellery
 j - a +5 ring of dexterity (right hand)
 l - an uncursed ring of flight
 v - a -3 ring of intelligence
 B - a ring of positive energy (left hand)
Wands
 h - a wand of confusion (4)
 o - a wand of heal wounds (4)
 t - a wand of polymorph (0)
 z - a wand of slowing (20)
Scrolls
 a - a scroll of recharging
 f - a scroll of amnesia
 n - a scroll of remove curse
 q - a scroll of magic mapping {unknown}
 r - a scroll of enchant armour
 s - a scroll of enchant weapon {unknown}
 C - a scroll of identify
 G - a scroll of teleportation
Potions
 c - a potion of cure mutation
 g - 2 potions of flight
 u - a potion of berserk rage
 A - 2 potions of agility
 D - a potion of invisibility
 K - a potion of poison {unknown}
Miscellaneous
 e - a fan of gales (inert)
 x - a stone of tremors
Comestibles
 b - 6 bread rations
 k - 2 meat rations


   Skills:
 + Level 7.2 Fighting
 + Level 5.9 Dodging
 + Level 10.3 Stealth
 * Level 10.0 Unarmed Combat
 + Level 6.3 Invocations
 + Level 3.1 Evocations


You had 9 spell levels left.
You didn't know any spells.

Dungeon Overview and Level Annotations

Branches:
Dungeon (13/15)            Temple (1/1) D:7            Lair (0/8) D:10
    Orc: D:9-12      Vaults: D:13-14

Altars:
Ashenzari
Cheibriados
Dithmenos
Elyvilon
Fedhas
Gozag
Kikubaaqudgha
Makhleb
Nemelex Xobeh
Okawaru
Qazlal
Ru
Trog
Vehumet
Xom
Yredelemnul
Zin
The Shining One

Annotations:
D:3 Terence


Innate Abilities, Weirdness & Mutations

You cannot wear boots.
Your serpentine skin is tough (AC +3).
You have supernaturally acute eyesight.
Armour fits poorly on your strangely shaped body.
Your system is resistant to poisons.
You cover ground very slowly.
You have a slow metabolism.
You can spit poison.


Message History

Unknown command.
Unknown command.
You punch the kobold demonologist!
The kobold demonologist is almost dead.
The sixfirhy hits you but does no damage.
The sixfirhy hits you.
* * * LOW HITPOINT WARNING * * *
The sixfirhy shocks you!
* * * LOW HITPOINT WARNING * * *
The sixfirhy hits you!
* * * LOW HITPOINT WARNING * * *
The sixfirhy shocks you!
* * * LOW HITPOINT WARNING * * *
The kobold demonologist casts a cantrip, but nothing happens.
You closely miss the kobold demonologist.
The kobold demonologist is almost dead.
The sixfirhy hits you!
* * * LOW HITPOINT WARNING * * *
The sixfirhy shocks you!
You die...

###### #....###
#>..# ##..##
##..# #..######
##.K@##.# #
##<.4..#
#..###....####.#
#.............#
#........######
#..#....## #.
#....# # #...##
#...#


You could see a kobold demonologist and a sixfirhy.

Vanquished Creatures
  Erica (D:11)
  Sonja (D:11)
  A kobold demonologist (D:11)
  A tengu conjurer (D:11)
  The ghost of endege the Cutter, an amateur TrAs of Okawaru (D:4)
  A wraith (D:11)
  6 yaks
  A hippogriff (D:7)
  A hungry ghost (D:11)
  A hell hound (D:7)
  A soldier ant (D:7)
  Duvessa (D:5)
  An orc warrior (D:12)
  4 ogres
  A wasp (D:11)
  A phantom (D:4)
  A centaur (D:8)
  3 big kobolds (D:11)
  Dowan (D:5)
  4 killer bees (D:11)
  A scorpion (D:8)
  4 wights
  2 hounds
  A crimson imp (D:6)
  A giant frog skeleton (D:7)
  A quasit (D:9)
  2 jellies
  6 orc wizards
  2 centaur skeletons
  A hell rat (D:7)
  An iguana (D:9)
  4 worker ants
  A killer bee zombie (D:7)
  A hound skeleton (D:11)
  A worker ant zombie (D:8)
  6 adders
  8 river rats (D:7)
  A shadow imp (D:12)
  2 adder skeletons
  2 worms (D:5)
  19 orcs
  A ball python (D:3)
  5 giant cockroaches
  3 goblins
  5 hobgoblins
  3 jackals (D:3)
  4 kobolds
  3 quokkas
  3 bats
  5 giant geckos
  A giant gecko skeleton (D:8)
  4 giant newts
  20 rats
157 creatures vanquished.

Vanquished Creatures (collateral kills)
  An ugly thing (D:12)
1 creature vanquished.

Grand Total: 158 creatures vanquished

Notes
Turn   | Place    | Note
--------------------------------------------------------------
     0 | D:1      | 4thArraOfDagon the Naga Monk began the quest for the Orb.
     0 | D:1      | Reached XP level 1. HP: 21/21 MP: 1/1
    94 | D:2      | Found a shadowy altar of Dithmenos.
   112 | D:2      | Reached XP level 2. HP: 26/28 MP: 2/2
   335 | D:3      | Noticed Terence
   398 | D:2      | Reached XP level 3. HP: 34/34 MP: 3/3
   514 | D:2      | Found a sacrificial altar of Ru.
   516 | D:2      | Found a radiant altar of Vehumet.
   517 | D:2      | Found an iron altar of Okawaru.
   518 | D:2      | Found a basalt altar of Yredelemnul.
   518 | D:2      | Found a blossoming altar of Fedhas.
   519 | D:2      | Found a shattered altar of Ashenzari.
   523 | D:2      | Found a stormy altar of Qazlal.
   530 | D:2      | :)
   733 | D:3      | Reached XP level 4. HP: 40/42 MP: 4/4
   827 | D:4      | Reached skill level 5 in Unarmed Combat
   827 | D:4      | Reached XP level 5. HP: 15/50 MP: 5/5
   897 | D:4      | Noticed endege's ghost (amateur TrAs)
   914 | D:4      | Killed endege's ghost
   914 | D:4      | Reached skill level 5 in Stealth
   914 | D:4      | Reached XP level 6. HP: 35/57 MP: 6/6
   963 | D:4      | You fall through a shaft for 2 floors!
  1023 | D:5      | Entered Level 5 of the Dungeon
  1239 | D:7      | Found a staircase to the Ecumenical Temple.
  1257 | Temple   | Entered the Ecumenical Temple
  1290 | Temple   | Became a worshipper of Cheibriados the Contemplative
  1290 | Temple   | Reached * piety under Cheibriados
  1290 | Temple   | Reached ** piety under Cheibriados
  1400 | D:7      | Noticed a water moccasin
  1403 | D:7      | Noticed a soldier ant
  1403 | D:7      | a water moccasin changed into a soldier ant
  1414 | D:7      | Killed a soldier ant
  1414 | D:7      | Reached skill level 6 in Unarmed Combat
  1414 | D:7      | Reached skill level 1 in Invocations
  1414 | D:7      | Reached XP level 7. HP: 56/66 MP: 7/7
  1513 | D:8      | Found a bloodstained altar of Trog.
  1650 | D:7      | Reached XP level 8. HP: 38/73 MP: 9/9
  1705 | D:7      | Reached skill level 7 in Unarmed Combat
  1719 | D:7      | Reached skill level 5 in Fighting
  1722 | D:7      | Reached *** piety under Cheibriados
  1898 | D:7      | Noticed a hippogriff
  1914 | D:7      | Killed a hippogriff
  2016 | D:7      | Noticed a yak
  2016 | D:7      | Noticed a yak
  2017 | D:7      | Noticed a yak
  2017 | D:7      | Noticed a yak
  2017 | D:7      | Noticed a yak
  2020 | D:7      | :(
  2055 | D:7      | Killed a yak
  2069 | D:7      | Killed a yak
  2074 | D:7      | Killed a yak
  2074 | D:7      | Reached XP level 9. HP: 81/81 MP: 11/11
  2081 | D:7      | Killed a yak
  2081 | D:7      | Reached skill level 8 in Stealth
  2086 | D:7      | Killed a yak
  2144 | D:5      | Found a white marble altar of Elyvilon.
  2171 | D:5      | Reached **** piety under Cheibriados
  2357 | D:4      | Noticed a phantom
  2389 | D:4      | Killed a phantom
  2497 | D:5      | Noticed Dowan
  2505 | D:5      | Noticed Duvessa
  2513 | D:5      | Killed Duvessa
  2521 | D:5      | Killed Dowan
  2596 | D:5      | Found a shimmering altar of Xom.
  2676 | D:6      | You fall through a shaft for 3 floors!
  2678 | D:9      | Found an ancient bone altar of Kikubaaqudgha.
  2878 | D:9      | Reached skill level 5 in Dodging
  2941 | D:10     | Entered Level 10 of the Dungeon
  2950 | D:10     | Reached ***** piety under Cheibriados
  2950 | D:10     | Reached skill level 9 in Stealth
  2993 | D:10     | Got a bloodstained leather armour
  3004 | D:10     | Identified the +1 leather armour of Luang {rF+ rN++ MR- rCorr} (You found it on level 10 of the Dungeon)
  3056 | D:10     | Reached skill level 5 in Invocations
  3072 | D:10     | Found a staircase to the Lair.
  3312 | D:11     | Noticed Sonja
  3318 | D:11     | Reached skill level 1 in Evocations
  3318 | D:11     | Killed Sonja
  3318 | D:11     | Reached XP level 10. HP: 66/92 MP: 12/14
  3454 | D:12     | Noticed a green ugly thing
  3466 | D:12     | Killed a green ugly thing
  3584 | D:11     | Noticed Erica
  3584 | D:11     | Noticed a kobold demonologist
  3585 | D:11     | Noticed a kobold demonologist
  3586 | D:11     | Noticed a tengu conjurer
  3587 | D:11     | Reached skill level 10 in Stealth
  3588 | D:11     | Killed a kobold demonologist
  3588 | D:11     | Killed a tengu conjurer
  3590 | D:11     | Killed Erica
  3590 | D:11     | Reached skill level 10 in Unarmed Combat
  3593 | D:11     | Noticed a tengu conjurer
  3598 | D:12     | Noticed a sixfirhy
  3598 | D:12     | HP: 4/94 [sixfirhy[a kobold demonologist] (7)]
  3602 | D:12     | Was placed under penance by Cheibriados
  3604 | D:12     | HP: 4/141 [sixfirhy[a kobold demonologist] (8)]
  3604 | D:12     | Slain by a sixfirhy

Vault maps used:
D:1:      dpeg_arrival_arbitrary_c
D:2:      minitemple, minmay_misc_feat_chi, nicolae_dithmenos_shadow_blocks,
          uniq_crazy_yiuf_cottage
D:3:      forest_paths, first_bread, uniq_terence
D:4:      portal_sewer_entry_f
D:5:      elyvilon_altar_3, basic_altar, xom_teletrap_fun, uniq_duvessa,
          uniq_prince_ribbit1
D:7:      lemuel_ratsnest, temple_pool_a, grunt_ogre_cave,
          hangedman_decor_growths
D:8:      wad_cavern_with_rooms, overflow_temple_1_default
D:9:      lemuel_doored_altar
D:10:     lair_0_dummy, uniq_erolcha
D:11:     erik_orc_1, uniq_sonja, uniq_erica, uniq_grum
D:13:     minmay_cut_squares, lightli_vaults_fourway_checkpoint, uniq_nessos,
          uniq_urug
Temple:   jpeg_temple_alley_garden_8

Action                   |  1- 3 |  4- 6 |  7- 9 | 10-12 || total
-------------------------+-------+-------+-------+-------++-------
Melee: Unarmed           |    55 |    93 |   266 |    40 ||   454
Throw: Throwing net      |       |     2 |       |       ||     2
Invok: Bend Time         |       |       |     1 |       ||     1
       Slouch            |       |       |       |     4 ||     4
 Abil: Spit Poison       |    23 |    14 |    37 |     7 ||    81
Evoke: Wand              |       |     1 |    12 |     1 ||    14
       Fan of gales      |       |       |       |     1 ||     1
  Use: Scroll            |     3 |     5 |     4 |     3 ||    15
       Potion            |       |     3 |     3 |     3 ||     9
 Stab: Distracted        |     1 |       |     1 |     1 ||     3
       Held in net/web   |       |     3 |       |       ||     3
       Confused          |       |       |     2 |       ||     2
       Sleeping          |       |       |     2 |       ||     2
  Eat: Chunk             |     1 |     2 |     6 |       ||     9
       Pizza             |       |       |     3 |       ||     3
